Unix NetHack Version 5.0.0-0 post-release - last build May 31 2026 23:59:36 (970b52f25bf058293b47ddfd14a1e40e571c508c,branch:main).

Game began 2026-05-19 17:46:44, ended 2026-06-01 17:24:16.

Hellbent, lawful male human Samurai

                                --------------------
                               |......%.%..................
                             ---%%.----|----................
                             |.%.%--.......--...?...........|
                       -------...--........ --..............|
            -----      |..%......|.........  |..............| -----
             ...|      |...--------........  -------...-----  |...
     ---------..--   ----|---      -.......       ---|----   --%.---------
     |aaa.a.a|.%.-- --.......     -----%-----     ...$...-- --.)%|.......|
     |.a..aa.|....--- ...`...   ---.........---   ......%.---..%.|.......|
     |a.a@aa%a@aD@.-.%......    |.........%...|    .... [.%%%%%/)-..%_...|
     |.@@aa..|%%%.---......     |. ----%---- .|     .....%---..).|.......|
     |a....aa|.%.-- --.         |  |...)...|  |      ....-- --..%|.......|
     ---------..--                 |.......|           ---   --..---------
             ...|                  |..._...|                  |...
            -----                  |...%...|                  -----
                                   |.......|
                                   ---------

Hellbent the Daimyo    St:25 Dx:17 Co:18 In:9 Wi:10 Ch:8  Lawful
Astral Plane $:0  HP:328(328) Pw:60(60) AC:-27 Xp:22 T:78874 

Latest messages:
 You feel completely healed.
 The fire ant turns to flee.
 What do you want to drink? [s or ?*] s
 You feel completely healed.
 The soldier ant turns to flee.
 The soldier ant turns to flee.
 The fire ant turns to flee.
 The giant ant turns to flee.
 What do you want to take off? [vABR or ?*] o
 You are not wearing that.
 What do you want to rub? [xHZ or ?*] H
 You now wield a blessed magic lamp (lit).
 In a cloud of smoke, a djinni emerges!
 The djinni speaks.
 "I am in your debt.  I will grant one wish!"
 You may wish for an object.
 For what do you wish? 2 blessed sake
 g - 2 potions of sake.
 The giant beetle turns to flee.
 The giant beetle turns to flee.
 The giant beetle turns to flee.
 The priestess of Raijin casts a spell!
 The priestess of Raijin summons insects!
 What do you want to drink? [g or ?*] g
 Ooph!  This tastes like liquid fire!
 What do you want to drink? [g or ?*] g
 Ooph!  This tastes like liquid fire!
 The soldier ant turns to flee.
 The giant ant turns to flee.
 The fire ant turns to flee.
 The soldier ant turns to flee.
 The fire ant turns to flee.
 The blue dragon breathes lightning!
 The blast of lightning hits the priest of Moloch.
 The blast of lightning hits the giant beetle!
 The soldier ant is killed by the blast of lightning!
 The priest of Moloch casts a spell!
 The priest of Moloch looks better.
 What do you want to sacrifice? [r or ?*] r
 You offer the Amulet of Yendor to Amaterasu Omikami...
 An invisible choir sings, and you are bathed in radiance...
 The voice of Amaterasu Omikami thunders: "Mortal, thou hast done well!"
 "In return for thy service, I grant thee the gift of Immortality!"
 You ascend to the status of Demigod...
 Do you want your possessions identified? [ynq] (y) y
 Do you want to see your attributes? [ynq] (y) y
 Do you want an account of creatures vanquished? [ynaq] (y) y
 Do you want a list of species genocided and extinct? [ynaq] (y) y
 Do you want to see your conduct and achievements? [ynq] (y) y
 Do you want to see the dungeon overview? [ynq] (y) y

Inventory:
 Amulets  ('"')
  l - a blessed amulet of life saving
  u - an uncursed amulet of life saving (being worn)
  P - an uncursed amulet of life saving
  V - an uncursed amulet of life saving
 Weapons  (')')
  a - the blessed +6 Tsurugi of Muramasa
 Armor    ('[')
  v - an uncursed thoroughly burnt +0 elven leather helm (being worn)
  R - a blessed rustproof +3 pair of gauntlets of power (being worn)
  A - an uncursed fireproof +2 pair of speed boots (being worn)
  B - an uncursed fireproof +4 cloak of magic resistance (being worn)
  w - a blessed +4 Hawaiian shirt with a flamingo motif (being worn)
  D - a blessed +2 silver dragon scale mail (being worn)
 Comestibles  ('%')
  b - an uncursed partly eaten lembas wafer
  x - 5 uncursed lumps of royal jelly
  d - an uncursed homemade tin of displacer beast meat
  Q - 2 cursed lizard corpses
 Scrolls  ('?')
  q - a cursed scroll of identify
 Rings    ('=')
  o - an uncursed ring of conflict
  U - an uncursed ring of free action (on left hand)
  S - an uncursed ring of levitation
  X - an uncursed ring of regeneration
 Wands    ('/')
  M - a wand of cancellation (0:5)
  n - a cursed wand of cancellation (0:2)
  I - a wand of cold (0:4)
  K - a wand of cold (1:1)
  z - a wand of death (0:5)
  m - a wand of death (0:0)
  j - a cursed wand of death (1:8)
  T - a cursed wand of death (0:3)
  E - a blessed wand of fire (0:0)
  F - a wand of fire (0:8)
  C - a wand of fire (0:5)
  W - a wand of fire (0:4)
  t - a wand of fire (0:3)
  N - a wand of light (0:8)
  c - a wand of lightning (0:4)
  J - a wand of lightning (0:4)
  e - a wand of lightning (0:2)
  G - a wand of lightning (0:2)
  i - a wand of lightning (0:0)
  L - a cursed wand of sleep (0:5)
  h - a wand of slow monster (0:5)
 Tools    ('(')
  p - a blessed bag of holding containing 35 items
  f - an uncursed blindfold
  H - a blessed oil lamp (lit) (wielded)
  k - an uncursed osaku
  Y - a blessed +0 unicorn horn
 Gems/Stones  ('*')
  Z - a blessed luckstone named flintluck

Contents of the bag of holding:
  7 +0 daggers
  a +0 naginata
  an uncursed +0 mummy wrapping
  8 uncursed gunyoki
  3 uncursed K-rations
  3 uncursed lembas wafers
  9 uncursed lumps of royal jelly
  a blessed scroll of blank paper
  a blessed scroll of charging
  a blessed scroll of identify
  2 blessed scrolls of teleportation
  4 uncursed potions of paralysis
  3 cursed potions of paralysis
  2 potions of holy water
  an uncursed potion of water
  an uncursed ring of polymorph
  a cursed ring of slow digestion
  an uncursed ring of sustain ability
  an uncursed ring of teleport control
  a wand of light (0:9)
  a wand of light (0:5)
  a wand of magic missile (0:5)
  a wand of magic missile (0:4)
  a wand of magic missile (0:4)
  a wand of magic missile (0:0)
  a wand of magic missile (0:0)
  a wand of polymorph (0:1)
  a wand of polymorph (1:0)
  a wand of sleep (0:1)
  a wand of sleep (0:0)
  a wand of slow monster (0:4)
  a wand of undead turning (0:2)
  a magic marker (1:19)
  a blessed +0 pick-axe
  a tinning kit (0:67)

Hellbent the Samurai's attributes:

Background:
 You were a Daimyo, a level 22 male human Samurai.
 You were lawful, on a mission for Amaterasu Omikami
 who was opposed by Raijin (neutral) and Susanowo (chaotic).
 You were right-handed.
 You were in the endgame, on the Astral Plane.
 You entered the dungeon 78874 turns ago.
 There was a full moon in effect when your adventure ended.
 You had 20001913 experience points, 9998087 more were needed for level 23.

Basics:
 You had all 328 hit points.
 You had all 60 energy points (spell power).
 Your armor class was -27.
 Your wallet was empty.
 Autopickup was off.

Final Characteristics:
 Your strength was 25 (base:17, innate limit:18/100).
 Your dexterity was 17 (peak:18, limit:18).
 Your constitution was 18 (limit:18).
 Your intelligence was 9 (limit:18).
 Your wisdom was 10 (peak:11, limit:18).
 Your charisma was 8 (limit:18).

Final Status:
 You weren't hungry.
 You were unencumbered.
 You were wielding a tool.

Final Attributes:
 You were piously aligned.
 You were magic-protected.
 You were fire resistant.
 You were cold resistant.
 You were sleep resistant.
 You were disintegration resistant.
 You were shock resistant.
 You were poison resistant.
 You saw invisible.
 You were telepathic.
 You were stealthy.
 You had a moderate defense bonus (+10).
 You were warded.
 You were very fast.
 You had reflection.
 You had free action.
 Your life would have been saved.
 You were extremely lucky.
 You had extra luck.
 Good luck did not time out for you.
 You survived.

Miscellaneous:
 You didn't encounter any bones levels.
 Total elapsed playing time was 16 hours, 11 minutes and 6 seconds.

Major events:
 Turn
    1: Hellbent the lawful male human Samurai entered the dungeon
  529: read a Discworld novel
  625: attained the rank of Ronin (level 3)
 1276: entered the Gnomish Mines
 1895: entered Sokoban
 2096: completed 1st Sokoban level
 2259: attained the rank of Ninja (level 6)
 4528: reached Mine Town
 5929: completed 2nd Sokoban level
 6405: completed 3rd Sokoban level
 7238: completed 4th Sokoban level
 8749: entered the Bigroom
13698: attained the rank of Joshu (level 10)
13924: acquired the Sokoban amulet of reflection
14914: entered Home 1, the Quest
22053: acquired the Mines' End luckstone
41914: killed Medusa
44013: made his first wish - "2 blessed scrolls of charging", got "a scroll labeled KERNOD WEL"
44014: wished for "blessed fixed greased +2 cloak of magic resistance", got "a greased tattered cape"
44019: wished for "blessed ring of levitation", got "a moonstone ring"
44696: attained the rank of Ryoshu (level 14)
45315: Lord Sato has granted access to proceed deeper into the quest
45326: entered Home 2, the Quest
45342: entered Home 3, the Quest
45997: entered Home 4, the Quest
46291: entered Home 5, the Quest
46465: killed Ashikaga Takauji
46467: found the Tsurugi of Muramasa on the floor
46479: acquired the Bell of Opening
53408: killed Croesus
60679: performed his first genocide (class L)
60680: genocided class ;
60886: was bestowed with Snickersnee by Amaterasu Omikami
61062: was bestowed with Trollsbane by Amaterasu Omikami
61324: was bestowed with Fire Brand by Amaterasu Omikami
61485: entered Gehennom
62617: killed Juiblex
62951: bribed Asmodeus with 56 zorkmids for safe passage
63149: bribed Baalzebub with 38 zorkmids for safe passage
68398: wished for "2 blessed scrolls of genocide", got "2 scrolls of genocide"
68400: genocided class R
68401: genocided class h
69391: destroyed Vlad the Impaler
69392: acquired the Candelabrum of Invocation
69841: killed Orcus
75671: killed the Wizard of Yendor
75671: killed the Wizard of Yendor (2nd time)
75947: acquired the Book of the Dead
76180: performed the invocation
76467: killed the high priest of Moloch
76473: acquired The Amulet of Yendor
76474: wished for "2 blessed scrolls of charging", got "2 scrolls of charging"
76819: killed the Wizard of Yendor (3rd time)
78303: entered the Elemental Planes
78303: entered Plane of Earth
78305: attained the rank of Kokushu (level 18)
78349: entered Plane of Air
78452: entered Plane of Fire
78510: entered Plane of Water
78721: entered the Astral Plane
78735: killed Pestilence
78761: killed Pestilence (2nd time)
78782: killed Famine
78801: killed Famine (2nd time)
78823: found Giantslayer carried by a monster
78867: attained the rank of Daimyo (level 22)
78869: killed Death
78873: wished for "2 blessed sake", got "2 potions of sake"
78874: ascended

Spells:
 Name                 Level Category     Fail Retention
 confuse monster        1   enchantment   98%    (gone)

Skills:
 Fighting Skills
   martial arts      [Basic]
   two weapon combat [Skilled]
   riding            [Unskilled]
 Weapon Skills
   dagger            [Basic]
   knife             [Unskilled]
   short sword       [Basic]
   broadsword        [Unskilled]
   long sword        [Expert]
   two-handed sword  [Skilled]
   saber             [Unskilled]
   morning star      [Unskilled]
   flail             [Unskilled]
   quarterstaff      [Unskilled]
   polearms          [Unskilled]
   spear             [Unskilled]
   lance             [Unskilled]
   bow               [Basic]
   shuriken          [Unskilled]
 Spellcasting Skills
   attack spells     [Unskilled]
   divination spells [Unskilled]
   clerical spells   [Unskilled]

Voluntary challenges:
 Character rerolling was not enabled.
 You genocided 19 types of monsters.
 You used 6 wishes (1 for an artifact).
 You violated the special Sokoban rules once.
Achievements:
 You entered a shop.
 You read from a Discworld novel.
 You attained the rank of Ronin.
 You entered the Gnomish Mines.
 You entered Sokoban.
 You attained the rank of Ninja.
 You entered Minetown.
 You entered a temple.
 You entered the Big Room.
 You attained the rank of Joshu.
 You completed Sokoban.
 You completed the Gnomish Mines.
 You defeated Medusa.
 You attained the rank of Ryoshu.
 You handled the Bell of Opening.
 You entered Gehennom.
 You handled the Candelabrum of Invocation.
 You handled the Book of the Dead.
 You gained access to Moloch's Sanctum.
 You reached the Elemental Planes.
 You attained the rank of Kokushu.
 You reached the Astral Plane.
 You attained the rank of Daimyo.
 You delivered the Amulet of Yendor.
 You ascended!

 The Elemental Planes:
    Astral Plane: <- You are here.
       Many temples and many altars.
    Plane of Water:
    Plane of Fire:
    Plane of Air:
    Plane of Earth:
 The Dungeons of Doom: levels 1 to 28
    Level 1:
    Level 2:
       A scroll shop, a fountain.
    Level 3:
       A fountain.
    Level 4:
       A potion shop, a fountain.
       Stairs down to The Gnomish Mines.
    Level 5:
       Many fountains.
       Oracle of Delphi.
    Level 6:
       Stairs up to Sokoban, level 5.
    Level 7:
       A sink.
    Level 8:
       A fountain.
    Level 9:
       A wand shop, a fountain.
    Level 10:
       A very big room.
    Level 11:
       Portal to The Quest.
    Level 12:
    Level 13:
       A fountain, many graves.
    Level 14:
       Many fountains, a grave.
    Level 15:
    Level 16:
       A fountain, a grave.
    Level 17:
       Many fountains.
    Level 18:
       A primitive area.
    Level 19:
    Level 20:
       Some fountains.
    Level 21:
       Some fountains, a grave.
    Level 22:
       A fountain.
    Level 23:
       A grave.
    Level 24:
       Many graves.
       Portal to Fort Ludios.
    Level 25:
       Many fountains, a grave.
    Level 26:
    Level 27:
    Level 28:
 Gehennom: levels 29 to 48
    Level 29:
       A temple and an altar, many graves.
       Valley of the Dead.
    Level 30:
    Level 31:
    Level 32:
    Level 33:
       A fountain.
    Level 34:
    Level 35:
    Level 36:
    Level 37:
    Level 38:
    Level 39:
    Level 40:
       Some shops, an altar, many graves.
       Stairs up to Vlad's Tower, level 39.
    Level 41:
    Level 42:
    Level 43:
    Level 44:
    Level 45:
    Level 46:
    Level 47:
    Level 48:
       A temple and an altar, many graves.
       Moloch's Sanctum.
 The Gnomish Mines: levels 5 to 12
    Level 5:
    Level 6:
    Level 7:
    Level 8:
       Many shops, a temple and an altar to Amaterasu Omikami, some fountains, a sink.
    Level 9:
    Level 10:
    Level 11:
    Level 12:
 The Quest: levels 1 to 5
    Level 1:
       Completed quest for Lord Sato.
    Level 2:
    Level 3:
    Level 4:
    Level 5:
 Sokoban: levels 5 up to 2
    Level 2:
       Solved.
    Level 3:
       Solved.
    Level 4:
       Solved.
    Level 5:
       Solved.
 Fort Ludios:
    Level 1:
 Vlad's Tower: levels 39 up to 37
    Level 37:
       A throne.
    Level 38:
    Level 39:


Vanquished creatures:
    Orcus
    Juiblex
  2 erinyes
the Wizard of Yendor (4 times)
    Death
    Pestilence (twice)
    Famine (twice)
    Vlad the Impaler
  a high cleric
  2 mastodons
    Medusa
    Croesus
  4 iron golems
  4 storm giants
  6 balrogs
  4 purple worms
  4 gray dragons
  7 gold dragons
  5 silver dragons
 10 red dragons
  6 white dragons
  7 orange dragons
  4 black dragons
  7 blue dragons
  3 green dragons
  5 yellow dragons
 24 minotaurs
  a jabberwock
    Ashikaga Takauji
  6 baluchitheria
  8 Angels
  2 demiliches
  a stone golem
  a master mind flayer
 12 Olog-hai
  a Nazgul
 12 pit fiends
  3 sandestins
  7 hell hounds
  a displacer beast
  7 titanotheres
  2 trappers
  a baby gray dragon
  a baby gold dragon
  2 baby red dragons
  a guardian naga
  a genetic engineer
 35 vampire leaders
  9 skeletons
 18 aligned clerics
  a captain
  6 shades
  2 liches
  3 water trolls
  4 clay golems
 10 nurses
 22 ice devils
  7 nalfeshnees
  5 lurkers above
  7 frost giants
  6 ettins
  6 black puddings
 26 vampires
 10 lieutenants
 47 ghosts
  a knight
  8 samurai
  6 queen bees
  2 winged gargoyles
  a mind flayer
 10 giant mimics
  4 long worms
 13 zruties
  7 fire giants
 10 ogre tyrants
  8 ice trolls
 10 rock trolls
  6 umber hulks
 11 flesh golems
  8 elven monarchs
  2 doppelgangers
  7 hezrous
 15 bone devils
 12 large mimics
  3 wumpuses
 17 fire vortices
  a couatl
 49 stalkers
 14 air elementals
 15 fire elementals
 12 earth elementals
 28 water elementals
 12 hill giants
  5 giant mummies
 16 xorns
 23 giant zombies
 35 elf-nobles
 26 sergeants
  8 barbed devils
 22 vrocks
  5 salamanders
 24 wargs
  6 winter wolves
 10 hell hound pups
 29 small mimics
  4 glass piercers
 10 warhorses
 17 steam vortices
 13 xans
  3 ettin mummies
 11 ogre leaders
 22 quantum mechanics
 60 trolls
  2 wood golems
 11 mariliths
  4 sharks
 22 gelatinous cubes
  7 pyrolisks
  2 large dogs
  8 freezing spheres
 13 flaming spheres
 13 shocking spheres
  6 large cats
  7 tigers
 13 gargoyles
  4 dwarf rulers
  a tengu
 11 ochre jellies
  6 leocrottas
 12 energy vortices
  6 mountain centaurs
  4 stone giants
  6 elf mummies
  7 human mummies
  7 red nagas
  2 green slimes
  7 pythons
 22 pit vipers
 12 cobras
 66 wraiths
 10 carnivorous apes
 21 ettin zombies
  7 leather golems
 31 Grey-elves
119 soldiers
 20 amorous demons
  6 horned devils
 15 chameleons
  5 crocodiles
 69 giant beetles
 10 quivering blobs
 18 cockatrices
 95 wolves
 12 winter wolf cubs
  2 lynxes
  5 panthers
 78 gremlins
  2 spotted jellies
 11 leprechauns
  8 orc-captains
  8 iron piercers
  7 mumakil
  8 giant spiders
 14 scorpions
 13 horses
  2 ice vortices
 18 black lights
 21 vampire bats
  9 forest centaurs
  8 gnome rulers
  2 orc mummies
  9 dwarf mummies
 13 ogres
  a brown pudding
 14 rust monsters
 17 owlbears
  9 yetis
  4 gold golems
  6 werewolves
 29 Green-elves
 11 giant eels
 22 lizards
 20 ninja
  4 chickatrices
 11 dingoes
  4 dogs
  3 housecats
 10 jaguars
  4 dwarf leaders
  6 blue jellies
  a white unicorn
  5 gray unicorns
  4 black unicorns
 11 dust vortices
 10 ravens
 13 plains centaurs
  2 gnome mummies
  5 snakes
  4 apes
 20 human zombies
  5 rope golems
 16 Woodland-elves
 67 soldier ants
 38 fire ants
 20 bugbears
  5 imps
  4 lemures
 12 quasits
  3 wood nymphs
 10 water nymphs
  6 mountain nymphs
 38 Mordor orcs
 16 Uruk-hai
  2 orc shamans
  9 rock piercers
 10 rock moles
  5 ponies
 14 fog clouds
 15 yellow lights
  7 violet fungi
 19 gnome leaders
 20 gnomish wizards
  6 kobold mummies
  7 gray oozes
  3 barrow wights
 21 elf zombies
 19 ghouls
  4 straw golems
  6 paper golems
  3 jellyfish
 68 giant ants
  7 little dogs
 15 floating eyes
  5 kittens
 13 dwarves
  5 homunculi
  4 kobold leaders
  6 kobold shamans
 43 hill orcs
 29 rothes
  a rabid rat
  2 centipedes
  5 giant bats
  5 monkeys
 15 orc zombies
 20 dwarf zombies
  3 wererats
 15 iguanas
109 killer bees
  9 acid blobs
 18 coyotes
  7 gas spores
  5 hobbits
 11 manes
  9 large kobolds
 25 hobgoblins
  9 giant rats
  8 cave spiders
  4 brown molds
  4 yellow molds
  a green mold
  5 red molds
 71 gnomes
 26 garter snakes
 28 gnome zombies
 17 geckos
 12 jackals
  3 foxes
  5 kobolds
  8 goblins
  7 sewer rats
 23 grid bugs
 10 bats
 13 lichens
 14 kobold zombies
 14 newts
3408 creatures vanquished.

Genocided or extinct species:
 erinyes (extinct)
 arch-liches
 krakens
 master liches
 demiliches
 master mind flayers
 disenchanters
 liches
 mind flayers
 sharks
 electric eels
 dwarf rulers
 soldiers (extinct)
 rust monsters
 piranha
 giant eels
 dwarf leaders
 bugbears
 jellyfish
 dwarves
 killer bees (extinct)
 hobbits
19 species genocided.
3 species extinct.

Sayonara Hellbent the Demigod...

You went to your reward with 3427850 points,
The Tsurugi of Muramasa (worth 4500 zorkmids and 11250 points)
       4 amulets of life saving (worth 600 zorkmids),
and 0 pieces of gold, after 78874 moves.
You were level 22 with a maximum of 328 hit points when you ascended.

